 Dungeon Crawl Stone Soup version 0.19.5 (webtiles) character file.

116 McKennaii the Firebug (level 4, -2/24 HPs)
             Began as a Deep Elf Fire Elementalist on May 11, 2017.
             Succumbed to an orc wizard's poison
             ... on level 3 of the Dungeon.
             The game lasted 00:02:35 (1526 turns).

McKennaii the Firebug (Deep Elf Fire Elementalist)  Turns: 1526, Time: 00:02:36

Health: -2/24      AC:  4    Str:  5    XL:     4   Next: 70%
Magic:  0/12       EV: 13    Int: 21    God:
Gold:   116        SH:  0    Dex: 15    Spells: 1 memorised, 10 levels left

rFire  . . .     SeeInvis .     (no weapon)
rCold  . . .     Gourm    .     a - +0 robe
rNeg   . . .     Faith    .     (no shield)
rPois  .         Spirit   .     (no helmet)
rElec  .         Reflect  .     p - +0 cloak
rCorr  .         Harm     .     (no gloves)
MR     .....                    l - +0 pair of boots
Stlth  ++........               (no amulet)
                                (no ring)
                                (no ring)

@: lethally poisoned (-2 -> -46), very slightly contaminated
A: no striking features
a: no special abilities


You were on level 3 of the Dungeon.
You were hungry.

You visited 1 branch of the dungeon, and saw 3 of its levels.

You collected 116 gold pieces.

Inventory:

Armour
 a - a +0 robe (worn)
 l - a +0 pair of boots (worn)
 p - a +0 cloak (worn)
Jewellery
 m - a +5 ring of slaying {unknown}
Scrolls
 d - a scroll of remove curse {unknown}
 h - a scroll of teleportation {unknown}
 i - a scroll of identify {unknown}
 r - a scroll of enchant armour {unknown}
Potions
 e - 2 potions of flight {unknown}
 f - 2 potions of degeneration {unknown}
 n - a potion of heal wounds {unknown}
 o - 2 potions of mutation {unknown}
Books
 b - a book of Flames

   Spells                             Type                      Level
   a - Flame Tongue                   Conjuration/Fire             1
   b - Throw Flame                    Conjuration/Fire             2
   c - Conjure Flame                  Conjuration/Fire             3
   d - Inner Flame                    Hexes/Fire                   3
   e - Sticky Flame                   Conjuration/Fire             4
   f - Fireball                       Conjuration/Fire             5
Comestibles
 c - a bread ration
 g - a meat ration
 j - a beef jerky
 k - a slice of pizza
 q - 8 fruits


   Skills:
 + Level 0.4 Fighting
 + Level 2.5 Dodging
 + Level 2.8 Stealth
 + Level 4.0 Spellcasting
 + Level 2.3 Conjurations
 + Level 4.8 Fire Magic


You had 10 spell levels left.
You knew the following spells:

 Your Spells              Type           Power        Failure   Level  Hunger
a - Flame Tongue          Conj/Fire      ###..        2%          1    None


Dungeon Overview and Level Annotations

Branches:
Dungeon (3/15)

Altars:
Fedhas
Kikubaaqudgha


Message History

You hit the orc wizard.
The orc wizard is almost dead.
You feel sick.
The orc wizard hits you with a dagger of venom.
You are more poisoned.
You hit the orc wizard but do no damage.
The orc wizard is almost dead.
* * * LOW HITPOINT WARNING * * *
You feel sick.
The orc wizard hits you but does no damage.
You hit the orc wizard but do no damage.
The orc wizard is almost dead.
* * * LOW HITPOINT WARNING * * *
You feel very sick.
The orc wizard hits you with a dagger of venom.
* * * LOW HITPOINT WARNING * * *
You are more poisoned.
You closely miss the orc wizard.
The orc wizard is almost dead.
You die...

##### #...# ######
#(#.###....
#........####
######......+..#
#..........(##.##
#.#####@..>.....#
#....)(o.#####..########
#..#)#.### #...........
.. #.### #...........
#.. ..#.. +...........
#. .###.# #........... #
...#.####........... ...
#.#.##...##..######
#.##.#.##.#.###.####


You could see an orc wizard.

Vanquished Creatures
  An orc priest (D:3)
  4 adders
  An ooze (D:1)
  A worm (D:2)
  A dart slug (D:2)
  2 leopard geckos
  2 orcs (D:3)
  3 giant cockroaches
  A goblin (D:1)
  4 hobgoblins
  3 jackals (D:2)
  A quokka (D:2)
  6 bats
  2 frilled lizards
  8 kobolds
  3 rats
43 creatures vanquished.

Notes
Turn   | Place    | Note
-------+----------+-------------------------------------------
     0 | D:1      | McKennaii the Deep Elf Fire Elementalist began the quest for the Orb.
     0 | D:1      | Reached XP level 1. HP: 10/10 MP: 6/6
   277 | D:1      | Reached XP level 2. HP: 10/15 MP: 5/8
   813 | D:2      | Reached XP level 3. HP: 18/19 MP: 1/9
  1028 | D:2      | Found a blossoming altar of Fedhas.
  1073 | D:2      | Found an ancient bone altar of Kikubaaqudgha.
  1299 | D:2      | Reached XP level 4. HP: 22/24 MP: 3/11
  1525 | D:3      | HP: 1/24 [orc wizard/dagger of venom (2)]
  1526 | D:3      | Succumbed to an orc wizard's poison

Skill      XL: |  1  2  3  4 |
---------------+-------------+-----
Fire Magic     | 4 |  4.8
Conjurations   | 2 |  2.3
Spellcasting   | 4 |  4.0
Fighting       | |  0.4
Dodging        | |  2.5
Stealth        | |  2.8

Action                   |  1- 3 |  4- 6 || total
-------------------------+-------+-------++-------
Melee: Unarmed           |     3 |    10 ||    13
 Cast: Flame Tongue      |    67 |    18 ||    85
  Eat: Chunk             |     1 |       ||     1
Armor: Robe              |     8 |     2 ||    10
Dodge: Dodged            |    22 |     5 ||    27
